 Dungeon Crawl Stone Soup version 0.30-a0-568-g124715a40b (webtiles) character file.

Game seed: 2357267932660642945

4113 IdlyInterested the Fighter (level 10, -18/82 HPs)
             Began as a Demonspawn Fighter on Dec 28, 2022.
             Demolished by Gastronok (44 damage)
             ... on level 8 of the Dungeon.
             The game lasted 00:21:36 (7495 turns).

IdlyInterested the Fighter (Demonspawn Fighter)     Turns: 7495, Time: 00:21:36

Health: -18/82     AC:  6    Str: 26    XL:     10   Next: 6%
Magic:  10/10      EV: 12    Int: 10    God:
Gold:   53         SH:  0    Dex: 17    Spells: 9/9 levels left

rFire   . . .      SeeInvis .    F - +0 morningstar
rCold   . . .      Faith    .    (no shield)
rNeg    + + .      Spirit   .    a - +0 ring mail of Love and Death {Harm rN+ Dex+4}
rPois   .          Reflect  .    (helmet restricted)
rElec   .          Harm     +    n - scarf {shadows}
rCorr   .          Rampage  .    (no gloves)
Will    .....                    (no boots)
Stlth   +                        g - amulet of the acrobat
HPRegen 0.33/turn                B - +6 ring of strength
MPRegen 0.12/turn                D - ring of positive energy

@: no status effects
A: horns 1, powered by death 2, spiny 2, demonic touch 2
a: no special abilities


You were on level 8 of the Dungeon.
You visited 2 branches of the dungeon, and saw 9 of its levels.

You collected 513 gold pieces.
You spent 460 gold pieces at shops.

Inventory:

Hand Weapons
 F - a +0 morningstar (weapon)
Missiles
 e - 115 stones
 o - a throwing net
 p - 2 boomerangs
 A - 4 curare-tipped darts
 I - 5 datura-tipped darts
Armour
 a - the +0 ring mail of Love and Death (worn) {Harm rN+ Dex+4}
   (You found it on level 7 of the Dungeon)

   Dex:       It affects your dexterity (+4).
   rN:        It protects you from negative energy.
   Harm:      It increases damage dealt and taken.
 c - a +0 buckler
 n - a scarf of shadows (worn)
 q - a +0 plate armour
 v - a +2 leather armour of fire resistance
Magical Staves
 C - a staff of cold
Jewellery
 g - an amulet of the acrobat (around neck)
 w - a ring of ice
 B - a +6 ring of strength (left hand)
 D - a ring of positive energy (right hand)
Wands
 y - a wand of flame (8) (quivered)
 E - a wand of mindburst (15)
 G - a wand of digging (4)
Scrolls
 h - 3 scrolls of enchant armour
 r - 3 scrolls of enchant weapon
 s - a scroll of teleportation
 u - 2 scrolls of vulnerability
 z - a scroll of poison
 H - a scroll of immolation
 J - a scroll of torment
 K - a scroll of amnesia
 L - a scroll of magic mapping
Potions
 b - a potion of berserk rage
 d - 6 potions of might
 f - a potion of cancellation
 i - 2 potions of ambrosia
 j - 3 potions of curing
 k - 3 potions of lignification
 l - 2 potions of brilliance
 m - 3 potions of mutation
 t - 4 potions of heal wounds
 x - a potion of flight


   Skills:
 * Level 8.9 Fighting
 + Level 8.4 Maces & Flails
 - Level 1.0 Throwing
 * Level 6.7 Armour
 + Level 2.1 Dodging
 - Level 1.0 Stealth
 - Level 2.6 Shields
 - Level 1.0 Unarmed Combat
 - Level 2.0 Evocations


You had 9 spell levels left.
You didn't know any spells.
Your spell library contained the following spells:

 Spells                   Type           Power      Damage    Failure   Level
 Freeze                   Ice            0%         1d3       47%         1
 Frozen Ramparts          Ice            0%         1d1       85%         3
 Hailstorm                Conj/Ice       0%         3d3       85%         3
 Portal Projectile        Hex/Tloc       0%         N/A       85%         3
 Tukima's Dance           Hex            0%         N/A       85%         3
 Olgreb's Toxic Radiance  Pois           0%         N/A       99%         4
 Blade Hands              Tmut           0%         N/A       100%        5
 Ozocubu's Refrigeration  Ice            0%         4d7       100%        7
 Ignition                 Fire           0%         3d3       100%        8


Dungeon Overview and Level Annotations

Branches:
Dungeon (8/15)             Temple (1/1) D:4
   Lair: D:8-11

Altars:
Ashenzari
Cheibriados
Fedhas
Hepliaklqana
Kikubaaqudgha
Makhleb
Nemelex Xobeh
Okawaru
Qazlal
Ru
Sif Muna
Vehumet
Wu Jian
Xom
Yredelemnul

Shops:
D:4 (=:?

Annotations:
D:7 exclusion: oklob plant
D:8 Gastronok


Innate Abilities, Weirdness & Mutations

You have a pair of small horns on your head.
You regenerate health from kills.
You are mostly covered in sharp spines.
Your touch may inflict irresistible damage on your foes.


Message History

A - 4 curare-tipped darts (gained 1)
A bullfrog comes into view.
The bullfrog gives a loud, deep croak!
A bullfrog comes into view.
The bullfrog is struck by your spines. The bullfrog misses you.
The bullfrog gives a loud, deep croak!
You hit the bullfrog. You headbutt the bullfrog.
You kill the bullfrog!
The bullfrog barely misses you.
You see here a bullfrog corpse.
You bludgeon the bullfrog!!
You kill the bullfrog!
Things that are here:
a +0 war axe of venom; a +0 plate armour Gastronok the Ponderous comes into view.
Gastronok gurgles horribly!
You hit Gastronok.
Gastronok is lightly wounded.
Gastronok waves his eye-stalks in wide circles.
The air twists around and strikes you!!
You hit Gastronok. You headbutt Gastronok.
You touch Gastronok!
You punch Gastronok!
Gastronok is lightly wounded.
You hit Gastronok.
You headbutt Gastronok, but do no damage.
You touch Gastronok!
Gastronok is moderately wounded.
Gastronok bites you but does no damage.
You bludgeon Gastronok!!
You touch Gastronok!
Gastronok is heavily wounded.
You puncture Gastronok!
You headbutt Gastronok, but do no damage.
You touch Gastronok!
Gastronok is severely wounded.
Gastronok is struck by your spines. Gastronok bites you!!
You sock Gastronok! You headbutt Gastronok.
You touch Gastronok!
Gastronok is almost dead.
Gastronok is struck by your spines. Gastronok bites you!!!
Ouch! That really hurt!
You die...

#.#...####.##.##....##.###.#
#.###..†#..#..#.....#..# #.#
#...###...##.##....##.## #.#
..#...###.#...#.#..#..# #.#
.####...#####...####.## #.#
.#..#.#...#.###...#..# #[#
##..†.##.##...###...## *,*
#.....#..#..#...###.# *,*
#....##)##.#**#w@.#.# *,*
###..#.(#..,,,###...# *,*
..####.##.#*,,,,##.## **,*
#...#..#..#,,,,,#..# *,,*
###...##.##,,,,##.## ***,**
.<###.....###,,#..# **,,,*
#########...####.## *,,***
......,,###...#..#****,**
.....#*,,,###...##*,,,,*


You could see Gastronok.

Vanquished Creatures
  Pikel (D:5)
  Prince Ribbit (D:6)
  A shadow (D:6)
  A wyvern (D:8)
  Menkaure (D:5)
  2 orc warriors (D:8)
  3 black bears
  3 sky beasts (D:7)
  4 ice beasts
  A centaur (D:7)
  2 phantoms
  A kobold brigand (D:6)
  2 necrophages
  4 bullfrogs
  A scorpion (D:4)
  6 killer bees
  5 howler monkeys
  3 hounds
  A gnoll bouda (D:6)
  2 orc priests
  2 jellies
  4 iguanas
  7 orc wizards
  6 gnolls
  7 adders
  A white imp (D:7)
  3 worms
  3 dart slugs
  20 orcs
  8 ball pythons
  6 bats
  8 endoplasms
  3 giant cockroaches (D:1)
  7 goblins
  8 hobgoblins
  4 jackals (D:4)
  9 kobolds
  7 quokkas
  2 frilled lizards
  4 rats
164 creatures vanquished.

Vanquished Creatures (others)
  6 fungi
  17 plants
23 creatures vanquished.

Grand Total: 187 creatures vanquished

Notes
Turn   | Place    | Note
-------+----------+-------------------------------------------
     0 | D:1      | IdlyInterested the Demonspawn Fighter began the quest for
                  | the Orb.
     0 | D:1      | Reached XP level 1. HP: 18/18 MP: 1/1
   183 | D:1      | Gained mutation: You are partially covered in sharp spines.
                  | [demonic ancestry]
   183 | D:1      | Reached XP level 2. HP: 17/24 MP: 2/2
   398 | D:1      | Gained mutation: You regenerate a little health from kills.
                  | [demonic ancestry]
   398 | D:1      | Reached XP level 3. HP: 30/30 MP: 3/3
   945 | D:2      | Discovered your monstrous ancestry.
   945 | D:2      | Gained mutation: Your touch may inflict minor irresistible
                  | damage on your foes. [demonic ancestry]
   945 | D:2      | Reached XP level 4. HP: 37/37 MP: 4/4
  1624 | D:3      | Reached skill level 1 in Dodging
  1864 | D:3      | Reached XP level 5. HP: 42/42 MP: 5/5
  2033 | D:3      | Found a radiant altar of Vehumet.
  2553 | D:4      | Reached skill level 1 in Unarmed Combat
  2559 | D:4      | Noticed a phantom
  2565 | D:4      | Killed a phantom
  2566 | D:4      | Gained mutation: You regenerate health from kills. [demonic
                  | ancestry]
  2566 | D:4      | Reached XP level 6. HP: 39/49 MP: 6/6
  2606 | D:4      | Found a staircase to the Ecumenical Temple.
  2628 | D:4      | Reached skill level 1 in Stealth
  2818 | D:4      | Found Courischyu's Antique Weapon Shoppe.
  2822 | D:4      | Found Geupuema's Jewellery Shoppe.
  2823 | D:4      | Found Zishroj's Book Shoppe.
  2823 | D:4      | Found Pazutwir's Magic Scroll Shoppe.
  3176 | D:4      | Bought a scroll of enchant armour for 97 gold pieces
  3176 | D:4      | Bought a scroll of enchant weapon for 97 gold pieces
  3176 | D:4      | Bought a scroll of teleportation for 39 gold pieces
  3212 | D:5      | Entered Level 5 of the Dungeon
  3361 | D:5      | Reached skill level 5 in Fighting
  3361 | D:5      | Gained mutation: Your touch may inflict irresistible damage
                  | on your foes. [demonic ancestry]
  3361 | D:5      | Reached XP level 7. HP: 48/56 MP: 7/7
  3447 | D:5      | Noticed Menkaure
  3451 | D:5      | Killed Menkaure
  3452 | D:5      | Reached skill level 1 in Throwing
  3531 | D:4      | Reached skill level 5 in Maces & Flails
  3540 | Temple   | Entered the Ecumenical Temple
  3849 | D:5      | Reached skill level 1 in Evocations
  4179 | D:5      | Found an iron altar of Okawaru.
  4179 | D:5      | Found a sacrificial altar of Ru.
  4218 | D:5      | Noticed Pikel
  4226 | D:5      | Killed Pikel
  4227 | D:5      | Reached skill level 5 in Armour
  4227 | D:5      | Gained mutation: You are mostly covered in sharp spines.
                  | [demonic ancestry]
  4227 | D:5      | Reached XP level 8. HP: 56/65 MP: 8/8
  4600 | D:4      | Bought a scroll of poison for 52 gold pieces
  4991 | D:6      | Reached XP level 9. HP: 51/72 MP: 9/9
  5202 | D:6      | Noticed Prince Ribbit
  5212 | D:6      | Killed Prince Ribbit
  5978 | D:7      | Identified the +0 ring mail of Love and Death {Harm rN+
                  | Dex+4}
  6228 | D:7      | Found a blossoming altar of Fedhas.
  6267 | D:7      | Noticed an oklob plant
  7030 | D:4      | Bought a scroll of torment for 123 gold pieces
  7030 | D:4      | Bought a scroll of amnesia for 52 gold pieces
  7290 | D:8      | Gained mutation: You have a pair of small horns on your
                  | head. [demonic ancestry]
  7290 | D:8      | Reached XP level 10. HP: 38/82 MP: 10/10
  7487 | D:8      | Noticed Gastronok
  7495 | D:8      | Demolished by Gastronok

Illustrated notes

Levels and vault maps discovered:
D:1:      minmay_arrival_shattered_statue, layout_loops_ring,
          minmay_shallow_snake_nest
D:2:      layout_loops_cross
D:3:      layout_basic, vehumet_crystals, dreamdust_mushroom_princess
D:4:      layout_basic, minmay_temple_entry_from_below_b,
          minmay_shop_grid_forest, supply_closet_lemuel
D:5:      layout_loops_corners, gammafunk_temple_overflow_statue, uniq_menkaure,
          uniq_pikel
D:6:      layout_cave_pods, kb_rosetta, uniq_prince_ribbit1
D:7:      layout_gridville, tgw_fedhas, minmay_starry_boxes
D:8:      minmay_skewed_foursquare, layout_basic,
          amethyst_overflow_temple_binary, uniq_gastronok, uniq_amaemon,
          uniq_grum
Temple:   dpeg_chambers_temple

Skill      XL: |  1  2  3  4  5  6  7  8  9 |
---------------+----------------------------+-----
Maces & Flails | 2 3 4 6 8 |  8.4
Armour         | 3 5 6 |  6.7
Fighting       | 4 5 6 7 8 |  8.9
Dodging        | 1 2 |  2.1
Unarmed Combat | 1 |  1.0
Stealth        | 1 |  1.0
Throwing       | 1 |  1.0
Evocations     | 1 2 |  2.0
Shields        | |  2.6

Action                   |  1- 3 |  4- 6 |  7- 9 | 10-12 || total
-------------------------+-------+-------+-------+-------++-------
Melee: Flail             |    86 |   124 |    91 |       ||   301
       Touch             |       |    17 |    30 |     5 ||    52
       Punch             |       |     1 |     2 |     1 ||     4
       Morningstar       |       |       |    40 |     9 ||    49
       Headbutt          |       |       |       |     6 ||     6
Throw: Dart              |       |       |       |     1 ||     1
Evoke: Wand              |       |       |    18 |       ||    18
  Use: Scroll            |     3 |     5 |     7 |       ||    15
 Stab: Sleeping          |       |       |     2 |       ||     2
Armor: Scale mail        |    45 |    15 |       |       ||    60
       Plate armour      |       |    45 |       |       ||    45
       Leather armour    |       |       |    11 |       ||    11
       Ring mail         |       |       |    21 |     1 ||    22
Dodge: Dodged            |    41 |    48 |    77 |     2 ||   168
Block: Buckler           |    35 |       |       |       ||    35

Table legend: (Time is in decaauts)
 A = Elapsed time spent in this place.
 B = Non-inter-level travel time spent in this place.
 C = Inter-level travel time spent in this place.
 D = Time resting spent in this place.
 E = Time spent auto-exploring this place.
 F = Levels seen in this place.
 G = Mean time per level.
                   A        B        C        D        E       F      G
               +--------+--------+--------+--------+--------+-----+--------+
         Total |   7574 |   6407 |   1167 |    173 |   4750 |   9 |  841.6 |
       Dungeon |   7343 |   6199 |   1144 |    173 |   4558 |   8 |  917.9 |
        Temple |    231 |    208 |     23 |      0 |    192 |   1 |  231.0 |
               +--------+--------+--------+--------+--------+-----+--------+

Top non-repeatable levels by time:
     D:6: 1165 daAuts
     D:4: 1150 daAuts
     D:5: 1107 daAuts
     D:7: 1075 daAuts
     D:1: 921 daAuts
     D:3: 830 daAuts
     D:2: 682 daAuts
     D:8: 410 daAuts
  Temple: 231 daAuts
